 Dungeon Crawl Stone Soup version 0.31-a0-819-gf6de2f5ab6 (webtiles) character file.

Game seed: 14352955810109107918

223 qw the Shooter (level 6, -2/37 HPs)
             Began as a Gargoyle Hunter on Sept 23, 2023.
             Was an Initiate of Okawaru.
             Slain by a black bear (8 damage)
             ... on level 4 of the Dungeon.
             The game lasted 00:01:04 (2663 turns).

qw the Shooter (Gargoyle Hunter)                    Turns: 2663, Time: 00:01:05

Health: -2/37      AC: 11    Str: 15    XL:     6   Next: 0%
Magic:  6/6        EV: 11    Int:  7    God:    Okawaru [......]
Gold:   193        SH:  0    Dex: 13    Spells: 5/5 levels left

rFire   x . .        c - +0 arbalest
rCold   . . .        (shield currently unavailable)
rNeg    + . .        a - +0 ring mail
rPois   inf          (no helmet)
rElec   +            (no cloak)
rCorr   .            (no gloves)
SInv    .            h - +0 pair of boots
Will    .....        (no amulet)
Stlth   +            (no ring)
HPRegen 0.26/turn    (no ring)
MPRegen 0.10/turn

%: no passive effects
@: about to teleport
A: sickness immunity, AC +4, negative energy resistance 1, electricity
resistance, torment resistance 1, petrification resistance, talons 1, clumsy 1,
dopey 1, heat vulnerability 1
a: Renounce Religion


You were on level 4 of the Dungeon.
You worshipped Okawaru.
Okawaru was noncommittal.
You visited 2 branches of the dungeon, and saw 6 of its levels.

You collected 247 gold pieces.
You spent 54 gold pieces at shops.


Innate Abilities, Weirdness & Mutations

You are immune to sickness and miasma.
Your stone body is resilient. (AC +4)
You are immune to poison.
You resist negative energy. (rN+)
You are resistant to electric shocks. (rElec)
You are resistant to unholy torment.
You are immune to petrification.
You have sharp toenails.
You are clumsy. (Dex -2)
You are dopey. (Int -2)
You are vulnerable to heat. (rF-)


   Skills:
 + Level 3.2 Fighting
 - Level 6.1 Ranged Weapons
 - Level 2.5 Armour
 - Level 1.5 Dodging
 - Level 1.1 Stealth


You had 5 spell levels left.
You didn't know any spells.
Your spell library was empty.

Inventory:

Hand Weapons
 c - a +0 arbalest (weapon)
Armour
 a - a +0 ring mail (worn)
 b - the +3 hat of Pondering {ponderous, Will+ MP+10 Int+5}
   (You found it on level 3 of the Dungeon)

   Int+5:     It affects your intelligence (+5).
   Will+:     It increases your willpower.
   MP+10:     It affects your magic capacity (+10).
 h - a +0 pair of boots (worn)
Scrolls
 i - 2 scrolls of teleportation
Potions
 d - a potion of invisibility {unknown}
 e - a potion of haste
 g - a potion of curing
 j - a potion of degeneration {unknown}

Dungeon Overview and Level Annotations

Branches:
Dungeon (5/15)             Temple (1/1) D:4

Altars:
Ashenzari
Elyvilon
Gozag
Hepliaklqana
Kikubaaqudgha
Makhleb
Nemelex Xobeh
Okawaru
Qazlal
Ru
Trog
Uskayaw
Vehumet
Zin
The Shining One

Shops:
D:1 =:[


Message History

Enter note: You shoot a bolt.
The bolt hits the black bear!
The black bear is heavily wounded.
The killer bee stings you but does no damage.
The killer bee misses you.
The black bear bites you but does no damage.
The black bear misses you. The black bear closely misses you.
The killer bee closely misses you.
2660 |||
Found retreat position at 0,1 (killer bee; floor) with 0 blocking monsters and 1 monsters attacking at destination at distance 1 You shoot a bolt.
The bolt hits the black bear.
The black bear is severely wounded.
The killer bee stings you. The killer bee completely misses you.
The black bear bites you but does no damage.
The black bear claws you but does no damage.
The black bear claws you. The killer bee barely misses you.
The black bear completely misses you.
The black bear claws you but does no damage.
The black bear barely misses you. The killer bee stings you.
2661 |||
Found retreat position at 0,1 (killer bee; floor) with 0 blocking monsters and 1 monsters attacking at destination at distance 1 You shoot a bolt.
The bolt closely misses the black bear.
The killer bee stings you but does no damage.
The killer bee stings you! The black bear bites you.
The black bear claws you but does no damage. x2
The killer bee stings you but does no damage.
The black bear misses you.
The black bear claws you but does no damage. x2
2662 |||
Found retreat position at 0,1 (killer bee; floor) with 0 blocking monsters and 1 monsters attacking at destination at distance 1 You shoot a bolt.
The bolt hits the black bear.
The black bear is severely wounded.
The killer bee barely misses you. The killer bee stings you.
The black bear bites you but does no damage.
The black bear claws you but does no damage. x2
The killer bee barely misses you.
The black bear goes berserk!
The killer bee stings you.
2663 |||
Found retreat position at 0,1 (killer bee; floor) with 0 blocking monsters and 1 monsters attacking at destination at distance 1
2663 ||| READING 3 scrolls of teleportation.
As you read the scroll of teleportation, it crumbles to dust.
You feel strangely unstable. The killer bee barely misses you.
The black bear bites you!
You die...

#####.7.7###.##########.##
#####7.77 #(............#
#...##### ############.<#
#.###.#.# #..# #.# #.#.#
#..# #.###.#.##
########..# #........#
#.........# ###.###..#
#h#(....#.# #.# #..#
#@#.###.#.# #.# #..####
#y#.# #...# #.# #.....#
#.#.###.### ###.# ##.##.#
#.#.....# ....#
#.##.####.###.### #####
#.........###.#
###########.####.....#
...%......#.# #.#####
#########.#.# #.#


You could see a black bear (berserk) and a killer bee.

Vanquished Creatures
  A bullfrog (D:4)
  An iguana (D:3)
  Terence (D:3)
  2 adders
  A gnoll (D:1)
  A white imp (D:4)
  2 worms (D:2)
  5 orcs (D:3)
  5 ball pythons
  5 bats
  3 endoplasms
  A giant cockroach (D:1)
  8 goblins
  9 hobgoblins
  4 quokkas
  10 kobolds
  3 rats
62 creatures vanquished.

Notes
Turn   | Place    | Note
-------+----------+-------------------------------------------
     0 | D:1      | qw the Gargoyle Hunter began the quest for the Orb.
     0 | D:1      | Reached XP level 1. HP: 12/12 MP: 1/1
     0 | D:1      | 0 ||| qw: Version: 0.3-a-83-gcd0e7d8
     0 | D:1      | 0 ||| qw: Game counter: 1514
     0 | D:1      | 0 ||| qw: Melee chars always use a shield: true
     0 | D:1      | 0 ||| qw: God list: Okawaru
     0 | D:1      | 0 ||| qw: Allow faded altars: false
     0 | D:1      | 0 ||| qw: Do Orc after clearing Dungeon:15 true
     0 | D:1      | 0 ||| qw: Do second Lair branch before Depths: true
     0 | D:1      | 0 ||| qw: Lair rune preference: random
     0 | D:1      | 0 ||| qw: Goals: Normal
     0 | D:1      | 0 ||| PLANNING D:1-11
    68 | D:1      | Reached XP level 2. HP: 17/17 MP: 2/2
   231 | D:1      | Found Pextes's Armour Emporium.
   236 | D:1      | Found Ismirot's Book Shop.
   243 | D:1      | Reached XP level 3. HP: 19/21 MP: 3/3
   247 | D:1      | Reached skill level 5 in Ranged Weapons
   255 | D:1      | 255 ||| BUYING +0 pair of boots (54 gold).
   255 | D:1      | Bought a +0 pair of boots for 54 gold pieces
   255 | D:1      | 255 ||| SHOPLISTING +0 ring mail (48 gold, have 26).
   255 | D:1      | 255 ||| SHOPLISTING +1 cloak of willpower (198 gold, have
                  | 26).
   255 | D:1      | 255 ||| SHOPLISTING +3 ring mail of cold resistance (312
                  | gold, have 26).
   370 | D:1      | Found a faded altar of an unknown god.
   561 | D:1      | Found Ysmom's Jewellery Emporium.
   572 | D:1      | 572 ||| SHOPLISTING +6 ring of dexterity (360 gold, have
                  | 26).
   572 | D:1      | 572 ||| SHOPLISTING amulet of faith (400 gold, have 26).
   572 | D:1      | 572 ||| SHOPLISTING amulet of regeneration (300 gold, have
                  | 26).
   572 | D:1      | 572 ||| SHOPLISTING ring of ice (250 gold, have 26).
   572 | D:1      | 572 ||| SHOPLISTING ring of willpower (250 gold, have 26).
   581 | D:1      | 581 ||| UPGRADING to +0 pair of boots.
   586 | D:1      | 586 ||| READING scroll labelled YNIPOZOESIRE.
   587 | D:1      | 587 ||| READING scroll labelled UPAOKO JULUFY.
   588 | D:1      | 588 ||| READING scroll labelled NORE BUSIKUMMO.
   593 | D:1      | 593 ||| READING scroll labelled SYCORA EFEOVE.
   594 | D:1      | 594 ||| DRINKING 2 red potions.
   595 | D:1      | 595 ||| DRINKING 2 metallic amethyst potions.
   596 | D:1      | 596 ||| DROPPING scroll of butterflies.
   614 | D:2      | Found a glowing silver altar of Zin.
   690 | D:2      | Reached skill level 3 in Fighting
   918 | D:2      | Reached XP level 4. HP: 28/28 MP: 4/4
   984 | D:2      | 984 ||| DROPPING ring of magical power.
   985 | D:2      | 985 ||| READING scroll labelled LAKIPYF MUZOTU.
   986 | D:2      | 986 ||| READING scroll labelled YWEC HEHIOMIO.
   987 | D:2      | 987 ||| DRINKING 2 yellow potions.
   987 | D:2      | Gained mutation: You are dopey. (Int -2) [potion of
                  | mutation]
   987 | D:2      | Gained mutation: You have hidden genetic defects. [potion
                  | of mutation]
   987 | D:2      | Gained mutation: Your spells are a little harder to cast,
                  | but a little more powerful. [potion of mutation]
  1014 | D:3      | Found the +3 hat of Pondering {ponderous, Will+ MP+10
                  | Int+5}
  1096 | D:3      | Noticed Terence
  1109 | D:3      | Killed Terence
  1118 | D:3      | Gained mutation: You are vulnerable to heat. (rF-) [hidden
                  | defects]
  1151 | D:3      | 1151 ||| DRINKING potion of mutation.
  1151 | D:3      | Lost mutation: You have hidden genetic defects. [potion of
                  | mutation]
  1151 | D:3      | Lost mutation: Your spells are a little harder to cast, but
                  | a little more powerful. [potion of mutation]
  1151 | D:3      | Gained mutation: You have sharp toenails. [potion of
                  | mutation]
  1151 | D:3      | Gained mutation: You are clumsy. (Dex -2) [potion of
                  | mutation]
  1365 | D:3      | Found a sacrificial altar of Ru.
  1382 | D:3      | Reached XP level 5. HP: 32/32 MP: 5/5
  1663 | D:3      | 1663 ||| READING scroll labelled NYUSHY YNIY.
  1664 | D:3      | 1664 ||| DRINKING 2 bubbling sapphire potions.
  1690 | D:3      | 1690 ||| DROPPING potion of lignification.
  1706 | D:4      | 1706 ||| STAIRDANCE
  1714 | D:3      | Reached skill level 6 in Ranged Weapons
  1747 | D:4      | 1747 ||| STAIRDANCE
  1763 | D:3      | HP: 5/32 [iguana (5)]
  1764 | D:3      | 1764 ||| READING 2 scrolls of teleportation.
  1932 | D:4      | Found a staircase to the Ecumenical Temple.
  1933 | D:4      | 1933 ||| PLANNING TEMPLE
  1933 | D:4      | 1933 ||| UPGRADING to +0 ring mail.
  1943 | D:4      | 1943 ||| DROPPING +0 leather armour.
  1950 | Temple   | Entered the Ecumenical Temple
  1951 | Temple   | 1951 ||| PLANNING OKAWARU WORSHIP
  1973 | Temple   | Became a worshipper of Warmaster Okawaru
  1974 | Temple   | 1974 ||| PLANNING D:1-11
  2017 | D:4      | 2017 ||| SWAPPING to +0 arbalest.
  2019 | D:4      | 2019 ||| DROPPING +0 shortbow.
  2552 | D:4      | 2552 ||| DROPPING amulet of guardian spirit.
  2583 | D:5      | Entered Level 5 of the Dungeon
  2583 | D:5      | Noticed a black bear
  2585 | D:5      | 2585 ||| STAIRDANCE
  2590 | D:4      | Reached XP level 6. HP: 20/37 MP: 6/6
  2657 | D:5      | 2657 ||| STAIRDANCE
  2662 | D:4      | HP: 6/37 [killer bee (6)]
  2663 | D:4      | 2663 ||| READING 3 scrolls of teleportation.
  2663 | D:4      | Slain by a black bear

Levels and vault maps discovered:
D:1:      roderic_octagonal_star, layout_rooms, shapermc_ecumenical_altar_petra,
          serial_shops, shop, shop, shop, kennysheep_decorative_pillar,
          feat_on_display
D:2:      layout_rooms, basic_altar, grunt_decor_one_mirror, minmay_tetromino_t2
D:3:      layout_loops_ring, nicolae_ru_sacrificial_ziggurat, uniq_terence
D:4:      layout_loops_ring, minmay_temple_entry_offerings, chequers_arboretum
D:5:      layout_rooms, chei_slow_surprise, amcnicky_mini_corridor_feature,
          minivault_4, bh_walls_and_bars
Temple:   minmay_temple_curvy_branch

Skill      XL: |  1  2  3  4  5 |
---------------+----------------+-----
Ranged Weapons | 5 6 |  6.1
Fighting       | 3 |  3.2
Armour         | 2 |  2.5
Dodging        | |  1.5
Stealth        | |  1.1

Action                     |  1- 3 |  4- 6 || total
---------------------------+-------+-------++-------
   Fire: Shortbow          |   100 |    94 ||   194
         Arbalest          |       |    32 ||    32
    Use: Scroll            |     4 |     5 ||     9
         Potion            |     2 |     3 ||     5
 Armour: Leather armour    |    28 |    36 ||    64
         Ring mail         |       |    45 ||    45
  Dodge: Dodged            |    21 |    54 ||    75

Table legend:
 A = Non-vault XP
 B = Vault XP
 C = Vault XP percentage of total XP
 D = Non-vault monster count
 E = Vault monster count
 F = Vault count percentage of total count
                 A         B        C        D         E       F
            +---------+---------+-------+---------+---------+-------
      Total |     281 |      38 |  11.9 |      60 |       2 |   3.2
            +---------+---------+-------+---------+---------+-------
        D:1 |      47 |       0 |   0.0 |      20 |       0 |   0.0
        D:2 |      40 |       2 |   4.8 |      14 |       1 |   6.7
        D:3 |      80 |      36 |  31.0 |      16 |       1 |   5.9
        D:4 |     114 |       0 |   0.0 |      10 |       0 |   0.0
            +---------+---------+-------+---------+---------+-------
